Map: Kairos Junction LE

Players

Mez

  • Race: Terran Terran
  • League: Master
  • Spawn Location: 11:00

SlayerSBoxeR - Winner!

  • Race: Terran Terran
  • League: Master
  • Spawn Location: 5:00

VOD

Have the link to the VOD?

Description

Time

  • Played on: Aug. 11, 2019, 4:26 p.m.
  • Length: 19:11
Show
View Real Time Build Order
Export as new Build Order

Mez Terran 

Build Orders: Reaper Expand 

Get SALT Encoding   

  12  0:01  SCV  
  13  0:13  SCV  
  14  0:17  Supply Depot  
  14  0:25  SCV  
  15  0:39  SCV  
  15  0:40  Barracks  
  16  0:46  Refinery  
  16  0:51  SCV  
  17  1:03  SCV  
  18  1:15  SCV  
  19  1:29  Reaper, Orbital Command  
  20  1:39  Command Center  
  20  1:51  Supply Depot  
  20  1:56  Refinery, SCV  
  21  2:01  Barracks Reactor  
  21  2:10  SCV  
  22  2:26  Factory  
  22  2:31  SCV  
  25  2:44  SCV  
  25  2:45  Reaper x2  
  26  2:52  Orbital Command  
  26  2:53  Refinery  
  26  2:56  SCV  
  27  3:08  SCV  
  27  3:12  Starport  
  28  3:18  SCV  
  29  3:21  SCV  
  29  3:22  Reaper x2  
  29  3:24  Hellion  
  34  3:30  SCV  
  34  3:33  SCV, Supply Depot  
  36  3:42  SCV  
  36  3:45  Hellion, SCV  
  40  3:49  Starport Tech Lab  
  40  3:54  SCV  
  41  3:56  Marine x2  
  41  4:00  SCV, Supply Depot  
  44  4:06  SCV  
  44  4:07  Command Center  
  45  4:11  Raven  
  45  4:14  Factory Tech Lab  
  45  4:15  SCV  
  48  4:18  SCV  
  42  4:39  SCV x2  
  42  4:41  Siege Tank, Marine x2  
  47  4:49  Barracks  
  47  4:50  Barracks  
  47  4:51  SCV x2, Supply Depot  
  49  4:55  Raven  
  51  5:03  SCV  
  51  5:04  SCV  
  51  5:05  Marine x2  
  55  5:11  Refinery  
  55  5:13  Siege Tank  
  58  5:16  SCV x2  
  60  5:21  Supply Depot  
  60  5:22  Orbital Command  
  60  5:28  SCV x2  
  62  5:35  Marine x2  
  61  5:46  SCV x2  
  60  5:51  Siege Tank  
  60  5:55  SCV  
  64  5:58  SCV  
  65  6:04  Barracks Reactor x2  
  65  6:10  SCV x2  
  65  6:11  Viking, SCV  
  68  6:12  Engineering Bay x2, Barracks x2  
  68  6:15  Viking  
  72  6:20  Orbital Command  
  72  6:21  Marine  
  72  6:22  SCV  
  74  6:27  Siege Tank  
  75  6:39  Marine  
  75  6:41  Stimpack  
  75  6:43  Terran Infantry Armor Level 1, Terran Infantry Weapons Level 1  
  75  6:45  SCV x2  
  75  6:57  Marine  
  75  7:00  Barracks Reactor x2, Marine x4  
  80  7:01  SCV x2  
  80  7:02  SCV  
  80  7:08  Viking  
  85  7:17  Supply Depot  
  85  7:18  Supply Depot x2  
  85  7:20  Viking, SCV x2, Marine x2  
  85  7:22  Marine x2  
  93  7:33  Missile Turret  
  93  7:34  Missile Turret  
  93  7:39  Siege Tank, SCV x2, Marine  
  99  7:45  Supply Depot  
  99  7:46  Supply Depot  
  99  7:47  Supply Depot  
  99  7:55  Supply Depot  
  99  7:57  Supply Depot  
  99  7:58  Marine x7  
  100  8:02  Viking  
  100  8:04  Viking  
  108  8:11  SCV x3  
  107  8:22  Marine x7, Marauder  
  116  8:28  Refinery, SCV x2  
  118  8:37  Viking  
  118  8:39  Supply Depot  
  120  8:43  Marine  
  120  8:44  Marine x6  
  120  8:47  SCV x3  
  130  8:59  Viking, SCV x2  
  130  9:01  Siege Tank  
  137  9:04  Factory  
  137  9:07  Viking  
  139  9:10  Marine  
  139  9:11  SCV x2, Marine x5  
  139  9:12  SCV  
  148  9:23  Refinery, SCV  
  149  9:27  Command Center  
  149  9:32  Marine x2  
  149  9:35  Siege Tank  
  149  9:37  Viking x2  
  158  9:42  Armory  
  158  9:47  Supply Depot  
  158  9:48  Starport  
  157  10:07  Viking, Cyclone, Marine  
  157  10:08  Marine x2  
  157  10:09  Viking, Marine x2, Factory Tech Lab  
  169  10:17  Starport, Supply Depot  
  168  10:29  Sensor Tower  
  168  10:30  Sensor Tower  
  168  10:39  Cyclone  
  171  10:46  Marine  
  171  10:47  Marine x6  
  178  10:51  Siege Tank  
  181  10:57  Starport Tech Lab  
  181  10:58  Starport Reactor  
  181  10:59  Terran Infantry Armor Level 2, Terran Infantry Weapons Level 2  
  181  11:00  Fusion Core  
  181  11:08  Supply Depot  
  181  11:10  Command Center  
  181  11:23  Supply Depot  
  181  11:29  Siege Tank  
  184  11:33  Liberator  
  184  11:36  Liberator  
  182  11:46  Marine x5, Marauder  
  182  11:47  Viking x3, Siege Tank  
  188  11:52  Advanced Ballistics  
  200  11:55  Supply Depot x2  
  200  11:56  Terran Ship Weapons Level 1  
  185  12:36  Viking x4  
  193  12:38  Viking  
  195  12:49  Planetary Fortress  
  195  12:55  Orbital Command  
  194  13:02  Command Center  
  194  13:20  Siege Tank x2  
  197  13:49  Viking  
  194  14:04  Viking x3  
  200  14:14  Marine, Liberator x2  
  200  14:15  Marine x3, Marauder  
  170  14:30  Siege Tank x2  
  164  14:36  Marauder  
  143  14:49  Marine x2  
  143  14:50  Marine x5  
  143  14:51  Viking x3  
  143  14:57  Marauder  
  141  15:02  Siege Tank  
  141  15:03  Siege Tank  
  141  15:05  Terran Infantry Armor Level 3, Terran Infantry Weapons Level 3, Marine  
  141  15:06  Refinery x2  
  148  15:07  Marine x2, Terran Ship Weapons Level 2  
  148  15:11  Command Center  
  148  15:13  Viking  
  152  15:19  Marauder  
  154  15:24  Viking x2  
  118  15:38  Siege Tank x2  
  118  15:40  Marauder  
  118  15:41  Marine x8  
  132  15:44  Viking x2  
  120  15:59  Marine x5  
  120  16:01  Marauder  
  126  16:06  Viking x3  
  127  16:14  Viking x2  
  126  16:19  Orbital Command  
  126  16:20  Command Center  
  124  16:28  Siege Tank x2  
  111  16:42  Viking x2  
  80  17:03  Marine x4  
  80  17:04  Marine x5  
  80  17:07  Viking, Siege Tank  
  97  17:19  Thor  
  97  17:21  Marine x2  
  102  17:35  Viking x3  
  108  17:49  Marine x9  
  116  18:06  Marine  
  116  18:07  Marine x2  
  116  18:08  Marauder  
  116  18:12  Marine  
  121  18:13  Marine x4  
  121  18:19  Siege Tank x2  
  132  18:25  Viking  
  125  18:52  Marine x9  
Show
View Real Time Build Order
Export as new Build Order

SlayerSBoxeR Terran - Winner!

Build Orders: Mech 

Get SALT Encoding   

  12  0:00  SCV  
  13  0:13  SCV  
  14  0:16  Supply Depot  
  14  0:25  SCV  
  15  0:30  Refinery  
  15  0:38  SCV  
  16  0:44  Barracks  
  16  0:50  SCV  
  17  1:00  Refinery  
  17  1:02  SCV  
  18  1:14  SCV  
  19  1:32  Reaper, Orbital Command  
  20  1:43  Factory  
  20  1:53  Supply Depot  
  20  2:03  SCV  
  20  2:04  Reaper  
  21  2:15  SCV  
  22  2:27  SCV  
  22  2:29  Hellion  
  24  2:33  Command Center  
  24  2:38  Barracks Reactor  
  24  2:41  SCV  
  25  2:50  Starport  
  25  2:53  SCV  
  25  2:54  Factory Tech Lab  
  26  3:05  SCV  
  27  3:08  Supply Depot  
  27  3:12  Cyclone  
  30  3:19  SCV  
  31  3:30  Marine x2, Medivac  
  35  3:35  SCV  
  36  3:44  Cyclone  
  36  3:45  Orbital Command  
  36  3:48  SCV  
  40  3:49  Marine  
  40  3:51  Marine  
  42  4:00  SCV  
  43  4:03  Supply Depot  
  43  4:07  Marine  
  43  4:09  Marine  
  45  4:12  SCV, Mag-Field Accelerator  
  45  4:14  SCV  
  47  4:24  SCV  
  47  4:26  SCV  
  47  4:27  Supply Depot  
  46  4:36  SCV  
  47  4:42  SCV  
  48  4:45  Cyclone  
  48  4:48  SCV, Marine x2  
  54  4:53  Starport Tech Lab  
  54  4:55  SCV, Command Center  
  54  4:59  Refinery  
  55  5:01  SCV  
  56  5:07  SCV  
  56  5:12  Raven  
  56  5:13  SCV  
  60  5:14  Marine x2  
  60  5:19  SCV  
  60  5:21  Refinery  
  63  5:23  Supply Depot  
  63  5:25  SCV  
  64  5:30  Siege Tank  
  64  5:31  SCV  
  68  5:37  SCV  
  66  5:43  SCV  
  66  5:49  SCV  
  63  5:55  SCV  
  64  5:59  Marine  
  64  6:00  Marine  
  64  6:01  SCV  
  64  6:02  Raven  
  69  6:07  SCV  
  69  6:08  Orbital Command  
  70  6:11  Factory, Supply Depot  
  70  6:13  SCV  
  71  6:20  SCV  
  73  6:25  SCV  
  73  6:28  Factory  
  73  6:32  SCV  
  74  6:37  SCV x2  
  74  6:38  Siege Tank  
  79  6:44  SCV, Armory  
  80  6:49  SCV  
  81  6:58  SCV  
  82  7:02  Factory Tech Lab  
  82  7:05  Factory  
  82  7:06  SCV  
  83  7:11  Armory  
  83  7:17  Viking x2  
  83  7:20  SCV x2  
  90  7:27  Siege Tank  
  90  7:28  Orbital Command  
  95  7:30  Hellion  
  95  7:32  SCV  
  95  7:35  Command Center  
  95  7:37  SCV  
  96  7:48  SCV  
  97  7:52  Terran Vehicle Weapons Level 1  
  97  7:54  Siege Tank  
  97  7:55  Factory Reactor  
  101  7:58  SCV  
  101  8:00  Refinery  
  101  8:02  Refinery  
  101  8:13  Terran Vehicle And Ship Armor Level 1  
  101  8:17  Engineering Bay  
  101  8:21  SCV x2  
  101  8:24  Viking x2, Hellion, SCV  
  101  8:25  Supply Depot  
  108  8:28  Supply Depot  
  108  8:33  SCV  
  109  8:46  SCV x2  
  109  8:47  Siege Tank, SCV x2, Hellion x3  
  109  8:48  Missile Turret x2  
  122  8:49  Missile Turret  
  122  8:50  Sensor Tower  
  122  8:51  Siege Tank  
  125  8:59  Missile Turret, SCV x3  
  125  9:02  Missile Turret, Orbital Command  
  128  9:07  Command Center  
  128  9:08  Siege Tank  
  131  9:11  SCV x3  
  131  9:12  Missile Turret, Hellion  
  131  9:14  Missile Turret  
  136  9:18  Viking  
  136  9:19  Missile Turret  
  136  9:23  SCV x2  
  140  9:33  Sensor Tower  
  140  9:35  Siege Tank x2, SCV x2  
  140  9:37  Supply Depot  
  148  9:41  Infernal Pre-Igniter  
  148  9:42  Smart Servos  
  148  9:57  SCV x2  
  148  9:59  Siege Tank  
  149  10:05  Hellion  
  149  10:06  Viking x2, Hellion  
  153  10:10  Starport  
  153  10:12  Terran Vehicle Weapons Level 2  
  153  10:15  SCV  
  154  10:22  Command Center  
  154  10:30  SCV  
  154  10:31  Siege Tank  
  158  10:39  Missile Turret x2, Siege Tank, Hellion  
  163  10:58  Siege Tank, Hellion  
  163  10:59  Viking  
  163  11:03  Supply Depot x3  
  170  11:24  Viking, Siege Tank  
  175  11:29  Viking  
  175  11:32  Starport Reactor  
  163  11:51  Orbital Command  
  163  11:54  Viking  
  163  11:58  Viking, Supply Depot  
  155  12:11  Viking x2  
  155  12:12  SCV  
  157  12:15  Command Center  
  157  12:21  Terran Vehicle And Ship Armor Level 2  
  157  12:22  SCV  
  155  12:24  Viking  
  155  12:28  Viking  
  157  12:41  Viking x2, Siege Tank x2  
  157  12:42  Hellion x2, Siege Tank  
  157  12:43  Refinery  
  174  12:44  Refinery  
  174  12:54  Viking  
  176  12:58  Viking  
  178  13:11  Viking x2  
  182  13:13  Siege Tank  
  182  13:17  Planetary Fortress  
  185  13:24  Viking, Siege Tank x2, Hellion  
  195  13:28  Viking  
  197  13:36  SCV  
  197  13:40  Command Center  
  197  13:41  Viking  
  198  13:47  Orbital Command  
  200  13:49  Starport  
  200  13:50  Starport  
  198  14:16  Viking x4  
  190  14:17  Siege Tank, Hellion  
  152  14:38  Siege Tank, Hellion  
  128  14:46  Viking x4  
  128  14:51  Siege Tank, Orbital Command  
  137  14:57  SCV  
  137  14:58  SCV, Starport Tech Lab  
  137  14:59  SCV  
  140  15:05  Viking  
  142  15:16  Viking x4  
  142  15:28  Viking  
  142  15:30  Refinery x2  
  142  15:35  Viking  
  135  15:46  Viking x4  
  133  15:58  Viking  
  135  16:05  Viking  
  137  16:16  Viking x4  
  145  16:22  SCV x2  
  147  16:26  SCV  
  132  16:44  Viking x2  
  132  16:46  Viking x3  
  128  16:53  Viking  
  126  16:58  Hellion x2  
  126  16:59  SCV  
  128  17:03  Orbital Command  
  116  17:09  Siege Tank  
  116  17:10  Hellion x2  
  116  17:14  Viking x2  
  127  17:17  Viking x2  
  127  17:20  Hellion x2  
  135  17:32  Refinery, SCV  
  135  17:33  SCV  
  135  17:34  SCV  
  135  17:35  SCV x2  
  140  17:38  SCV  
  141  17:44  Viking x2, SCV  
  141  17:45  Viking  
  148  17:55  Siege Tank x2, Hellion  
  148  17:58  SCV  
  157  18:03  Command Center  
  157  18:05  Hellion  
  151  18:30  Siege Tank  
  151  18:31  Hellion  
Tags
 
Composition
Mech
Matchup
TvT
Race
Terran
Spawn Locations
Cross Positions
Add a new tag
Caveats
  • Supply blocks, unpowered buildings, or Contaminate may cause inaccurate times.
  • Supply counts are checked every 10 seconds.